 Dungeon Crawl Stone Soup version 0.30.0-10-gfe55d96785 (webtiles) character file.

Game seed: 10073796088062131875

345 Farfigtubin the Chopper (level 6, 0/45 (51) HPs)
             Began as a Formicid Fighter on May 13, 2023.
             Slain by an orc warrior
             ... wielding a +0 long sword
              (10 damage)
             ... on level 4 of the Dungeon.
             The game lasted 00:16:57 (3524 turns).

Farfigtubin the Chopper (Formicid Fighter)          Turns: 3524, Time: 00:16:57

HP:   0/45 (51)     AC: 15    Str: 22    XL:     6   Next: 90%
MP:   6/6           EV:  8    Int:  8    God:
Gold: 191           SH:  5    Dex: 13    Spells: 5/5 levels left

rFire   . . .        a - +0 war axe
rCold   . . .        c - +0 buckler
rNeg    . . .        w - +0 chain mail
rPois   .            (helmet unavailable)
rElec   .            u - scarf {+Inv}
rCorr   .            o - +0 pair of gloves
SInv    +            y - +0 pair of boots
Will    .....        (no amulet) Stlth
                     q - +4 ring of protection
HPRegen 0.27/turn    (no ring)
MPRegen 0.10/turn

%: no passive effects
@: heavily drained
A: permanent stasis, dig shafts and tunnels, antennae 3, four strong arms
a: Dig, Shaft Self, Evoke Invisibility


You were on level 4 of the Dungeon.
You visited 1 branch of the dungeon, and saw 4 of its levels.
You also visited: Sewer.

You collected 191 gold pieces.

Inventory:

Hand Weapons
 a - a +0 war axe (weapon)
 b - a +0 battleaxe
Missiles
 e - 25 stones (quivered)
 p - 2 poisoned darts
Armour
 c - a +0 buckler (worn)
 o - a +0 pair of gloves (worn)
 u - a scarf of invisibility (worn)
 w - a +0 chain mail (worn)
 y - a +0 pair of boots (worn)
Jewellery
 q - a +4 ring of protection (left hand)
Scrolls
 f - a scroll of acquirement {unknown}
 g - 5 scrolls of identify {unknown}
 h - 6 scrolls of teleportation {unknown}
 i - 3 scrolls of magic mapping {unknown}
 j - a scroll of fear {unknown}
 n - 2 scrolls of enchant armour {unknown}
 s - a scroll of noise {unknown}
 v - a scroll of poison {unknown}
 x - a scroll of silence {unknown}
Potions
 d - a potion of might
 k - a potion of degeneration {unknown}
 l - 2 potions of attraction {unknown}
 m - 3 potions of brilliance {unknown}
 r - 2 potions of flight {unknown}
 t - a potion of curing {unknown}


   Skills:
 + Level 5.1 Fighting
 * Level 5.7 Axes
 - Level 3.2 Armour
 - Level 4.0 Shields


You had 5 spell levels left.
You didn't know any spells.
Your spell library contained the following spells:

 Spells                   Type           Power      Damage    Failure   Level
 Apportation              Tloc           0%         N/A       98%         1
 Necrotise                Necr           0%         1d4       98%         1
 Summon Small Mammal      Summ           0%         N/A       98%         1
 Summon Ice Beast         Ice/Summ       0%         N/A       100%        4
 Summon Mana Viper        Hex/Summ       0%         N/A       100%        5
 Monstrous Menagerie      Summ           0%         N/A       100%        7


Dungeon Overview and Level Annotations

Branches:
Dungeon (4/15)              Sewer (visited)
 Temple: D:4-7

Altars:
Hepliaklqana

Shops:
D:1 (


Innate Abilities, Weirdness & Mutations

You cannot be hasted, slowed, berserked, paralysed or teleported.
You can dig through walls and to a lower floor.
You have a pair of large antennae on your head. (SInv)
Your four strong arms can wield two-handed weapons with a shield.


Message History

The orc warrior throws a stone.
The stone hits you!
The orc warrior hits you but does no damage.
You barely miss the orc warrior. You block the orc warrior's attack.
You closely miss the orc warrior.
The orc warrior hits you with a +0 long sword!
The orc warrior hits you with a +0 long sword.
You hit the orc warrior.
The orc warrior is lightly wounded.
The orc warrior barely misses you.
You hit the orc warrior.
The orc warrior is lightly wounded.
The orc warrior hits you with a +0 long sword.
You hit the orc warrior but do no damage.
The orc warrior is lightly wounded.
The orc warrior hits you but does no damage.
You hit the orc warrior.
The orc warrior is moderately wounded.
The orc warrior hits you but does no damage.
You block the orc warrior's attack.
You closely miss the orc warrior.
The orc warrior is moderately wounded.
The orc warrior hits you but does no damage.
You hit the orc warrior but do no damage.
The orc warrior is moderately wounded.
You block the orc warrior's attack.
You closely miss the orc warrior.
The orc warrior is moderately wounded.
The orc warrior hits you but does no damage.
You closely miss the orc warrior.
The orc warrior is moderately wounded.
The orc warrior barely misses you.
You slash the orc warrior!
The orc warrior is heavily wounded.
The orc warrior hits you with a +0 long sword!
The orc warrior hits you with a +0 long sword.
* * * LOW HITPOINT WARNING * * *
You slash the orc warrior!
The orc warrior is almost dead.
The orc warrior hits you with a +0 long sword!
You die...

#...######..........
#.>...............##
#..####.####.....## #..#
###..##...## #..# ...
##.## #..# .... #.#
######..# ..?. #.#####
........##..## #.##...
........@o...# #.##
#######.####### #.#
######## #.......... #.#
..<.O..######[#.#..### #.
##.##
........†o....#.#...#....
#....
######.########..........
#..## ...# #.#.##.:##
#.... ###.# #..#{###.o#
#.### #.# ##..#{{###.##
#.#


You could see an orc warrior.

Vanquished Creatures
  An orc warrior (D:3)
  A sleepcap (D:4)
  3 gnolls
  3 river rats (Sewer)
  10 adders
  A worm (D:3)
  2 dart slugs (D:2)
  7 ball pythons
  5 endoplasms
  6 giant cockroaches
  5 hobgoblins
  4 jackals (D:1)
  7 quokkas
  6 bats
  4 frilled lizards
  4 goblins
  2 kobolds
  6 rats
77 creatures vanquished.

Notes
Turn   | Place    | Note
-------+----------+-------------------------------------------
     0 | D:1      | Farfigtubin the Formicid Fighter began the quest for the
                  | Orb.
     0 | D:1      | Reached XP level 1. HP: 18/18 MP: 1/1
   251 | D:1      | Found Zotsamee's Antique Weapon Shop.
   337 | D:1      | Reached XP level 2. HP: 24/24 MP: 2/2
   878 | D:1      | Reached XP level 3. HP: 25/30 MP: 3/3
  1426 | D:2      | Reached XP level 4. HP: 37/37 MP: 4/4
  2163 | D:3      | Found a glowing drain.
  2185 | Sewer    | Entered a sewer
  2216 | Sewer    | Reached XP level 5. HP: 42/42 MP: 5/5
  2866 | D:3      | Found a faded altar of an unknown god.
  2982 | D:4      | Reached XP level 6. HP: 28/28 MP: 6/6
  3029 | D:4      | Noticed an orc warrior
  3029 | D:4      | Noticed an orc warrior
  3029 | D:4      | Noticed an ogre
  3065 | D:3      | Killed an orc warrior
  3066 | D:3      | Reached skill level 5 in Fighting
  3066 | D:3      | Reached skill level 5 in Axes
  3210 | D:4      | Found a hazy altar of Hepliaklqana.
  3524 | D:4      | Slain by an orc warrior

Illustrated notes

Levels and vault maps discovered:
D:1:      arrival_zaba_pyramid, layout_loops_corners, serial_shops, shop
D:2:      layout_basic, minmay_vboxes
D:3:      layout_rooms, gup_sewer_entry_pipe,
          hellmonk_ecumenical_altar_inner_sanctum
D:4:      layout_loops_ring, nicolae_hepliaklqana_hazy_memory, slow_altar_2,
          nrook_mini_vaults, eino_small_chamber_without_monster,
          minmay_manual_mess

Skill      XL: |  1  2  3  4  5  6 |
---------------+-------------------+-----
Axes           | 3 4 5 |  5.7
Fighting       | 4 5 |  5.1
Armour         | |  3.2
Shields        | |  4.0

Action                     |  1- 3 |  4- 6 || total
---------------------------+-------+-------++-------
  Melee: War axe           |   120 |   176 ||   296
  Throw: Stone             |       |     3 ||     3
Ability: Dig               |       |     2 ||     2
    Use: Potion            |       |     1 ||     1
 Armour: Scale mail        |    61 |    67 ||   128
         Chain mail        |       |     8 ||     8
  Dodge: Dodged            |    58 |    85 ||   143
  Block: Buckler           |    37 |    36 ||    73
